 Dungeon Crawl Stone Soup version 0.19-b1-3-g7dea586 (webtiles) character file.

982 Vasektomior the Chopper (level 7, 0/61 HPs)
             Began as a Minotaur Fighter on Oct 29, 2016.
             Was a Priest of Jiyva.
             Slain by a wight
             ... wielding a +2 battleaxe of freezing
              (1 damage)
             ... on level 7 of the Dungeon.
             The game lasted 01:00:57 (3780 turns).

Vasektomior the Chopper (Minotaur Fighter)          Turns: 3780, Time: 01:01:00

Health: 0/61       AC: 11    Str: 22    XL:     7   Next: 96%
Magic:  6/6        EV:  7    Int:  5    God:    Jiyva [***...]
Gold:   150        SH: 10    Dex: 10    Spells: 0 memorised, 6 levels left

rFire  . . .     SeeInvis .     a - +1 war axe
rCold  . . .     Gourm    .     A - +0 chain mail
rNeg   . . .     Faith    .     c - +0 shield
rPois  .         Spirit   .     (helmet restricted)
rElec  .         Reflect  .     z - +0 cloak (curse)
rCorr  +         Harm     .     (no gloves)
MR     .....     Clarity  +     (no boots)
Stlth  ..........               J - amulet of inaccuracy (curse)
                                (no ring)
                                (no ring)

@: drained
A: retaliatory headbutt, horns 2, clarity
a: Request Jelly, Renounce Religion


You were on level 7 of the Dungeon.
You worshipped Jiyva.
Jiyva was most pleased with you.
You were not hungry.

You visited 1 branch of the dungeon, and saw 5 of its levels.
You also visited: Sewer.

You collected 150 gold pieces.

Inventory:

Hand Weapons
 a - a +1 war axe (weapon)
 p - a +0 hunting sling
 q - a +0 mace
 y - a +0 trident
 B - a +2 mace of crushing
 E - a +0 giant spiked club
Missiles
 g - 24 poisoned needles
 o - 44 sling bullets
 r - 14 bolts
 s - 71 arrows
 w - 73 stones (quivered)
 x - 4 tomahawks
Armour
 b - a +0 scale mail
 c - a +0 shield (worn)
 h - a +0 chain mail
 m - a +0 ring mail
 z - a cursed +0 cloak (worn)
 A - a +0 chain mail (worn)
 D - a +0 ring mail
Jewellery
 J - a cursed amulet of inaccuracy (around neck)
Wands
 f - a wand of polymorph (10/24)
Scrolls
 k - a scroll of magic mapping
 n - a scroll of identify
Potions
 d - a potion of might
 e - a potion of invisibility
 u - a potion of heal wounds
 G - a potion of curing {unknown}
 H - a potion of degeneration {unknown}
 K - a potion of flight {unknown}
Comestibles
 i - 2 meat rations
 t - 2 bread rations


   Skills:
 + Level 5.0(4.7) Fighting
 + Level 6.6(6.2) Axes
 + Level 6.4(6.0) Armour
 + Level 2.5(2.1) Dodging
 + Level 0.3(0.0) Stealth
 + Level 6.5(6.2) Shields


You had 6 spell levels left.
You didn't know any spells.

Dungeon Overview and Level Annotations

Branches:
Dungeon (7/15)
 Temple: D:4-7

Altars:
Ashenzari
Kikubaaqudgha
Sif Muna
Uskayaw
Jiyva


Innate Abilities, Weirdness & Mutations

You reflexively headbutt those who attack you in melee.
You have a pair of horns on your head.
You possess an exceptional clarity of mind.


Message History

The wight is heavily damaged.
The wight closely misses you.
You closely miss the wight.
The wight is heavily damaged.
The wight hits you with a flail.
The wight hits you with a battleaxe of freezing!
* * * LOW HITPOINT WARNING * * *
You feel drained.
* * * LOW HITPOINT WARNING * * *
The wight freezes you.
* * * LOW HITPOINT WARNING * * *
Unknown command.
You hit the wight but do no damage.
The wight is heavily damaged.
You closely miss the wight. The wight hits you with a flail!
* * * LOW HITPOINT WARNING * * *
The wight hits you with a battleaxe of freezing.
* * * LOW HITPOINT WARNING * * *
The wight freezes you.
You die...

#.# #. #. ..#
#.####. #.#..#
#.#.... #.#..#
#<#)##. #. #.#..#
#...##. #
##.###.... #.#
##..##. #.
.........####.#
#..###
.##.><.z.......#
#..# .... #z@#
#..# #... . #..
#..# ... ..####
#..##..#####.# ###
#...........†#####
#...#.......†.†..#
#........###†###.#
#....#.#.###.# #.#
#............# #.#
#....#.#.###.# #.#


You could see 2 wights.

Vanquished Creatures
  The ghost of Shufflesack the Skirmisher, an amateur DsAK of Lugonu (Sewer)
  2 ogres
  A crocodile (Sewer)
  A scorpion (D:7)
  6 killer bees (D:7)
  A crimson imp (D:6)
  A hound (D:6)
  An orc wizard (D:6)
  An iguana (D:6)
  A worker ant (D:6)
  A hound skeleton (D:6)
  3 adders
  6 gnolls
  An ooze (D:1)
  An adder skeleton (D:6)
  A worm (D:2)
  A dart slug (D:2)
  2 leopard geckos
  2 orcs (D:6)
  2 ball pythons
  4 giant cockroaches
  4 hobgoblins
  7 jackals
  9 kobolds
  2 quokkas (D:2)
  6 bats
  2 frilled lizards
  4 goblins
  4 rats
78 creatures vanquished.

Vanquished Creatures (others)
  An ogre (D:6)
  Blork the orc (D:6)
  A bullfrog (D:6)
  2 scorpions (D:6)
  2 howler monkeys
  5 jellies
  An orc priest (D:6)
  An iguana (D:6)
  A worker ant (D:6)
  A hound zombie (D:6)
  An adder skeleton (D:6)
  6 orcs (D:6)
  2 giant cockroaches (D:6)
  A goblin (D:3)
  A bat (D:3)
27 creatures vanquished.

Grand Total: 105 creatures vanquished

Notes
Turn   | Place    | Note
-------+----------+-------------------------------------------
     0 | D:1      | Vasektomior the Minotaur Fighter began the quest for the Orb.
     0 | D:1      | Reached XP level 1. HP: 19/19 MP: 0/0
   426 | D:1      | Reached XP level 2. HP: 27/27 MP: 1/1
   971 | D:2      | Reached XP level 3. HP: 29/33 MP: 2/2
  1149 | D:2      | Found a hide-covered altar of Uskayaw.
  1450 | D:2      | Reached XP level 4. HP: 30/40 MP: 3/3
  2025 | D:3      | Found a faded altar of an unknown god.
  2039 | D:3      | Became a worshipper of Jiyva Jaug the Shapeless
  2039 | D:3      | Reached * piety under Jiyva
  2304 | D:3      | Reached skill level 1 in Dodging
  2639 | D:3      | You fall through a shaft for 3 floors!
  2700 | D:6      | Reached XP level 5. HP: 47/47 MP: 4/4
  2777 | D:6      | Reached ** piety under Jiyva
  2810 | D:6      | Found a glowing drain.
  2820 | D:6      | Noticed an ogre
  2840 | D:6      | Killed an ogre
  2841 | D:6      | Killed an ogre
  2885 | D:6      | Reached skill level 5 in Axes
  2885 | D:6      | Reached skill level 5 in Shields
  2885 | D:6      | Reached XP level 6. HP: 39/53 MP: 5/5
  2999 | Sewer    | Entered a sewer
  3021 | Sewer    | Noticed Shufflesack's ghost (amateur DsAK)
  3031 | Sewer    | Killed Shufflesack's ghost
  3031 | Sewer    | Reached skill level 5 in Armour
  3106 | Sewer    | Reached XP level 7. HP: 34/60 MP: 6/6
  3224 | D:6      | Killed Blork the orc
  3270 | D:6      | Found a shattered altar of Ashenzari.
  3315 | D:6      | Reached *** piety under Jiyva
  3403 | D:6      | Found a deep blue altar of Sif Muna.
  3562 | D:6      | Found a shattered altar of Ashenzari.
  3602 | D:7      | Reached skill level 5 in Fighting
  3617 | D:7      | Found an ancient bone altar of Kikubaaqudgha.
  3632 | D:7      | Gained mutation: You possess an exceptional clarity of mind. [Jiyva's grace]
  3727 | D:7      | HP: 2/61 [killer bee (5)]
  3780 | D:7      | HP: 1/61 [wight/battleaxe of freezing (5)]
  3780 | D:7      | Slain by a wight

Skill      XL: |  1  2  3  4  5  6  7 |
---------------+----------------------+-----
Fighting       | 4 5 |  5.0
Shields        | 4 5 6 |  6.5
Armour         | 4 5 6 |  6.4
Axes           | 3 4 5 6 |  6.6
Dodging        | 1 2 |  2.5
Stealth        | |  0.3

Action                   |  1- 3 |  4- 6 |  7- 9 || total
-------------------------+-------+-------+-------++-------
Melee: War axe           |    84 |    98 |    85 ||   267
       Headbutt          |     9 |    18 |     9 ||    36
  Use: Scroll            |       |       |     6 ||     6
       Potion            |       |       |     4 ||     4
  Eat: Bread ration      |     1 |       |       ||     1
       Meat ration       |       |     1 |       ||     1
Armor: Scale mail        |     9 |       |       ||     9
       Chain mail        |    39 |    35 |    56 ||   130
Dodge: Dodged            |    16 |    16 |    45 ||    77
Block: Shield            |    42 |    50 |    56 ||   148
